AoeStats
← Red Calypso

African Clearing

504861777Analyzed
4v4 RM · 26d ago on Sep 6, 2026· 44m 31s· 8 players
Game mode
Random Map
Map size
Large (8 player)
Population
200
Speed
Normal
Resources
Standard
Victory
Conquest
Starting age
Dark Age
Ending age
Imperial Age
RankedLock teamsTeams togetherTeam positionsShared explorationLock speedFull tech treeHidden civsTurbo modeCheats
Victory
Defeat
🇧🇷 Khitans · Brazil
1656
+7
🇧🇷 Burgundians · Brazil
1504
+12
🇧🇷 Huns · Brazil
1447
+14
🇧🇷 Mongols · Brazil
1413
+15
🇩🇪 Byzantines · Germany
1467
-14
🇩🇪 Berbers · Germany
1440
-13
🇩🇪 Mongols · Germany
1392
-11
🇦🇹 Armenians · Austria
1365
-10
GAX | B.Trufa
10:38 Double-Bit Axe
15:13 Feudal Age
13:54 Loom
17:17 Bow Saw
19:42 Castle Age
19:32 Horse Collar
20:10 Gold Mining
21:47 Forging
21:35 Cavalier
23:42 Heavy Plow
25:05 Two-Man Saw
24:51 Husbandry
28:25 Wheelbarrow
29:37 Hand Cart
29:42 Scale Mail Armor
31:37 Stone Mining
32:33 Scale Barding Armor
33:16 Chain Mail Armor
33:37 Iron Casting
35:09 Town Watch
41:02 Imperial Age
38:45 Pikeman
39:25 Squires
42:22 Plate Mail Armor
42:52 Blast Furnace
41:18 Halberdier
42:22 Fletching
43:00 Arson
44:50 Crop Rotation
45:13 Gold Shaft Mining
GAX | SUPERBOY
4:17 Loom
13:42 Feudal Age
17:25 Castle Age
21:41 Double-Bit Axe
28:46 Horse Collar
32:06 Town Watch
32:54 Fletching
33:55 Padded Archer Armor
35:45 Wheelbarrow
37:21 Gold Mining
38:41 Heavy Plow
38:52 Bodkin Arrow
44:33 Imperial Age
42:19 Hand Cart
44:49 Leather Archer Armor
GAX | Kareca
11:14 Feudal Age
10:23 Loom
11:51 Double-Bit Axe
14:31 Forging
19:12 Wheelbarrow
19:20 Scale Barding Armor
24:00 Castle Age
22:41 Gold Mining
22:43 Fletching
22:41 Domestication
24:05 Light Cavalry
29:19 Husbandry
30:24 Bodkin Arrow
31:39 Padded Archer Armor
31:27 Town Watch
32:00 Heavy Cavalry Archer
34:58 Ballistics
35:46 Leather Archer Armor
41:42 Imperial Age
42:50 Parthian Tactics
42:28 Bracer
43:29 Chemistry
43:02 Bow Saw
43:24 Hand Cart
43:22 Thumb Ring
44:09 Ring Archer Armor
GAX | Vini_Boy
3:53 Loom
13:19 Feudal Age
14:05 Double-Bit Axe
16:06 Forging
17:40 Fletching
20:58 Padded Archer Armor
26:30 Castle Age
25:50 Horse Collar
26:01 Gold Mining
26:43 Scale Barding Armor
27:53 Wheelbarrow
27:59 Bloodlines
31:56 Bow Saw
33:31 Thumb Ring
36:09 Town Watch
39:54 Stone Mining
41:16 Hand Cart
41:48 Bodkin Arrow
42:09 Leather Archer Armor
42:36 Husbandry
Red Calypso
6:53 Loom
14:42 Feudal Age
15:19 Man-at-Arms
16:25 Scale Mail Armor
19:18 Long Swordsman
21:31 Arson
23:00 Fletching
23:10 Padded Archer Armor
26:30 Double-Bit Axe
27:24 Horse Collar
27:56 Pikeman
34:36 Castle Age
35:26 Bodkin Arrow
35:47 Leather Archer Armor
35:10 Two-Handed Swordsman
36:47 Squires
36:33 Gambesons
37:19 Chain Mail Armor
38:34 Elite Skirmisher
39:37 Forging
41:35 Ballistics
43:28 Iron Casting
4k1m
5:49 Loom
14:37 Feudal Age
18:09 Castle Age
16:59 Double-Bit Axe
20:01 Forging
21:08 Husbandry
21:34 Horse Collar
25:46 Scale Barding Armor
32:15 Chain Barding Armor
33:01 Heavy Plow
39:50 Wheelbarrow
42:22 Imperial Age
43:45 Elite Skirmisher
44:30 Fletching
Aremenius
6:05 Loom
12:58 Feudal Age
14:33 Double-Bit Axe
17:02 Castle Age
24:40 Fletching
38:36 Bow Saw
LukasPlanet
7:09 Loom
14:01 Feudal Age
18:56 Castle Age
22:20 Fletching
27:08 Bodkin Arrow
30:49 Double-Bit Axe
32:55 Wheelbarrow
32:37 Bow Saw
32:34 Horse Collar
33:20 Padded Archer Armor
33:34 Heavy Plow
44:27 Ballistics
44:57 Wheelbarrow
Connection lost

Rejoining the realm…

Still unreachable

The connection could not be restored.

Session expired

The server has moved on; the page needs a fresh start.